 Dungeon Crawl Stone Soup version 0.28-a0-43-g560ac104fe (webtiles) character file.

Game seed: 889960834479562430

42 Demosthentine the Poker (level 3, -5/28 HPs)
             Began as a Merfolk Gladiator on July 28, 2021.
             Killed from afar by an orc wizard (11 damage)
             ... with a puff of flame
             ... on level 3 of the Dungeon.
             The game lasted 00:01:25 (1600 turns).

Demosthentine the Poker (Merfolk Gladiator)         Turns: 1600, Time: 00:01:26

Health: -5/28      AC:  4    Str: 15    XL:     3   Next: 54%
Magic:  3/3        EV: 13    Int:  7    God:
Gold:   87         SH:  0    Dex: 15    Spells: 2/2 levels left

rFire   . . .      SeeInvis .   a - +0 trident
rCold   . . .      Faith    .   (no shield)
rNeg    . . .      Spirit   .   b - +0 leather armour
rPois   .          Reflect  .   c - +0 helmet
rElec   .          Harm     .   (no cloak)
rCorr   .          Rampage  .   (no gloves)
Will    .....                   (no boots)
Stlth   +.........              (no amulet)
HPRegen 0.09/turn               (no ring)
MPRegen 0.08/turn               (no ring)

@: no status effects
A: (nimble swimmer 2), mertail
a: no special abilities


You were on level 3 of the Dungeon.
You visited 1 branch of the dungeon, and saw 3 of its levels.

You collected 87 gold pieces.

Inventory:

Hand Weapons
 a - a +0 trident (weapon)
Missiles
 d - 3 throwing nets (quivered)
Armour
 b - a +0 leather armour (worn)
 c - a +0 helmet (worn)
Scrolls
 f - 2 scrolls of amnesia
Potions
 e - a potion of mutation


   Skills:
 + Level 2.8 Fighting
 + Level 5.0 Polearms
 - Level 2.0 Throwing
 + Level 0.9 Armour
 + Level 4.5 Dodging


You had 2 spell levels left.
You didn't know any spells.
Your spell library contained the following spells:

 Spells                   Type           Power      Damage    Failure   Level
 Corona                   Hex            0%         N/A       50%         1
 Ensorcelled Hibernation  Hex/Ice        0%         N/A       65%         2
 Tukima's Dance           Hex            0%         N/A       86%         3
 Fulminant Prism          Conj/Hex       0%         3d6       99%         4
 Iskenderun's Mystic Bla  Conj/Tloc      0%         2d3       99%         4
 Lee's Rapid Deconstruct  Erth           0%         3d5*      100%        5


Dungeon Overview and Level Annotations

Branches:
Dungeon (3/15)

Altars:

Annotations:
D:3 Terence


Innate Abilities, Weirdness & Mutations

((You are quick and stealthy near water. (Stealth+, EV+, Speed+++)))
Your lower body shifts to a powerful aquatic tail in water.


Message History

Found 2 scrolls of identify.
Terence shouts!
The adder hisses angrily.
The orc wizard gestures wildly while chanting.
The orc wizard flickers and vanishes!
Deactivating autopickup; reactivate with Ctrl-A.
Okay, then.
You hear some strange, mumbled words.
You are confused.
You bump into the rock wall.
You hear some strange, mumbled words.
Something tries to affect you, but you resist.
You barely miss something. Something hits you but does no damage.
You closely miss something. Something completely misses you.
You barely miss something. Something hits you but does no damage.
You bump into the rock wall.
Something hits you but does no damage.
You bump into the rock wall.
You feel less confused. Something hits you but does no damage.
You miss something.
You hear some strange, mumbled words.
A puff of flame appears from out of thin air!
The puff of flame hits you!
You miss something.
You hear some strange, mumbled words.
A magic dart appears from out of thin air!
The magic dart hits you!
You barely miss something.
Something hits you but does no damage. x2
You barely miss something. Something hits you but does no damage.
You barely miss something. Something barely misses you.
You miss something. Something barely misses you.
You miss something. Something hits you.
* * * LOW HITPOINT WARNING * * *
You barely miss something. Something hits you.
* * * LOW HITPOINT WARNING * * *
You closely miss something. Something barely misses you.
You closely miss something.
You hear some strange, mumbled words.
A puff of flame appears from out of thin air!
The puff of flame hits you!
You die...

..#......#
.........##
##..##.#.# ##
###.# #.# #.#
#.# # #.# . #@#
#. #{# #.##S#
..##..#o#
..o@..o@#######
.###.......S...
#.#.........
.....>......?
###..##.......


You could see Terence, an adder and 2 orcs.

Vanquished Creatures
  An adder (D:3)
  2 ball pythons (D:2)
  5 bats
  4 endoplasms
  3 giant cockroaches
  A hobgoblin (D:1)
  A jackal (D:1)
  A quokka (D:1)
  2 frilled lizards
  5 kobolds
  6 rats
31 creatures vanquished.

Notes
Turn   | Place    | Note
-------+----------+-------------------------------------------
     0 | D:1      | Demosthentine the Merfolk Gladiator began the quest for the
                  | Orb.
     0 | D:1      | Reached XP level 1. HP: 16/16 MP: 1/1
   133 | D:1      | Reached XP level 2. HP: 23/23 MP: 2/2
   832 | D:1      | Found a faded altar of an unknown god.
  1018 | D:2      | Reached XP level 3. HP: 28/28 MP: 3/3
  1564 | D:3      | Reached skill level 5 in Polearms
  1576 | D:3      | Noticed Terence
  1600 | D:3      | Killed from afar by an orc wizard

Illustrated notes

Levels and vault maps discovered:
D:1:      noname_arrival_rooms_in_the_neighbourhood, layout_basic,
          dilly_ecumenical_altar_fadedgnrine, minmay_tiny_reverse_x
D:2:      layout_loops_ring
D:3:      layout_basic, portal_sewer_entry_a, uniq_terence, uniq_natasha

Skill      XL: |  1  2  3 |
---------------+----------+-----
Polearms       | 5 |  5.0
Fighting       | |  2.8
Throwing       | |  2.0
Armour         | |  0.9
Dodging        | |  4.5

Action                   || total
-------------------------++-------
Melee: Trident           ||    98
  Use: Scroll            ||     3
 Stab: Sleeping          ||     2
Armor: Leather armour    ||    29
Dodge: Dodged            ||    43

Table legend: (Time is in decaauts)
 A = Elapsed time spent in this place.
 B = Non-inter-level travel time spent in this place.
 C = Inter-level travel time spent in this place.
 D = Time resting spent in this place.
 E = Time spent auto-exploring this place.
 F = Levels seen in this place.
 G = Mean time per level.
                   A        B        C        D        E       F      G
               +--------+--------+--------+--------+--------+-----+--------+
         Total |   1605 |   1553 |     52 |      0 |   1350 |   3 |  535.0 |
       Dungeon |   1605 |   1553 |     52 |      0 |   1350 |   3 |  535.0 |
               +--------+--------+--------+--------+--------+-----+--------+

Top non-repeatable levels by time:
     D:1: 870 daAuts
     D:2: 685 daAuts
     D:3: 49 daAuts
